 Dungeon Crawl Stone Soup version 0.21-a0-442-g848f44b (webtiles) character file.

10246 KristoblXynda the Destroyer (level 11, -17/80 HPs)
             Began as a Black Draconian Conjurer on Nov 16, 2017.
             Was an Elder of Ashenzari.
             Demolished by a white ugly thing (25 damage)
             ... on level 11 of the Dungeon.
             The game lasted 00:42:40 (16755 turns).

KristoblXynda the Destroyer (DrCj)                 Turns: 16755, Time: 00:42:40

Health: -17/80     AC: 12    Str: 11    XL:     11   Next: 33%
Magic:  16/25      EV: 14    Int: 18    God:    Ashenzari [****..]
Gold:   481        SH:  5    Dex: 12    Spells: 22/30 levels left

rFire    . . .     SeeInvis +   e - +0 dagger (flame)
rCold    . . .     Gourm    .   A - +0 buckler
rNeg     . . .     Faith    +   (armour unavailable)
rPois    .         Spirit   .   (helmet restricted)
rElec    +         Reflect  .   s - +1 cloak
rCorr    .         Harm     .   (no gloves)
MR       +....     Clarity  +   p - +2 pair of boots
Stlth    ++........             r - amulet of faith
HPRegen  0.23/turn              k - ring of protection from magic (curse)
MPRegen  0.19/turn              y - +3 ring of slaying (curse)

@: slowed, very slow
A: breathe lightning, unfitting armour, electricity resistance, cold-blooded, AC
+7
a: Breathe Lightning, Curse Item, Scrying, Renounce Religion


You were on level 11 of the Dungeon.
You worshipped Ashenzari.
Ashenzari was greatly pleased with you.
You were not hungry.

You visited 3 branches of the dungeon, and saw 13 of its levels.

You collected 565 gold pieces.
You spent 84 gold pieces at shops.

Inventory:

Hand Weapons
 c - a +3 dagger of protection
 e - a +0 dagger of flaming (weapon)
 C - a +2 scimitar of flaming
Missiles
 B - 2 throwing nets (quivered)
Armour
 p - a +2 pair of boots (worn)
 s - a +1 cloak (worn)
 A - a +0 buckler (worn)
Jewellery
 i - a +1 ring of evasion
 k - a cursed ring of protection from magic (left hand)
 l - an uncursed ring of magical power
 r - an amulet of faith (around neck)
 y - a cursed +3 ring of slaying (right hand)
Wands
 n - a wand of scattershot (4/9)
Scrolls
 f - a scroll of immolation
 g - a scroll of amnesia
 o - a scroll of teleportation
Potions
 d - a potion of might
 h - a potion of resistance
 j - a potion of mutation
 m - 2 potions of invisibility
 u - 3 potions of flight
 v - a potion of cancellation
 z - a potion of magic {unknown}
 D - a potion of berserk rage {unknown}
Books
 a - a book of Conjurations

   Spells                             Type                      Level
   a - Magic Dart                     Conjuration                  1
   b - Searing Ray                    Conjuration                  2
   c - Dazzling Spray                 Conjuration/Hexes            3
   d - Fulminant Prism                Conjuration/Hexes            4
   e - Force Lance                    Conjuration/Translocation    4
   f - Iskenderun's Mystic Blast      Conjuration                  4
 q - a book of Misfortune

   Spells                             Type                      Level
   a - Confusing Touch                Hexes                        1
   b - Confuse                        Hexes                        3
   c - Gell's Gravitas                Translocation                3
   d - Petrify                        Transmutation/Earth          4
   e - Metabolic Englaciation         Hexes/Ice                    5
   f - Yara's Violent Unravelling     Hexes/Transmutation          5
 w - a book of Callings

   Spells                             Type                      Level
   a - Summon Small Mammal            Summoning                    1
   b - Call Imp                       Summoning                    2
   c - Call Canine Familiar           Summoning                    3
   d - Summon Guardian Golem          Hexes/Summoning              3
   e - Summon Lightning Spire         Summoning/Air                4
   f - Summon Ice Beast               Ice/Summoning                4
Comestibles
 b - 3 bread rations
 t - 4 royal jellies
 x - 3 meat rations


   Skills:
 - Level 2.3 Fighting
 - Level 3.4 Short Blades
 - Level 5.0 Dodging
 + Level 3.7 Stealth
 - Level 4.0 Shields
 + Level 10.2 Spellcasting
 + Level 11.5(13.5) Conjurations
 + Level 2.6(4.5) Evocations


You had 22 spell levels left.
You knew the following spells:

 Your Spells              Type           Power        Failure   Level  Hunger
a - Magic Dart            Conj           ####         1%          1    None
b - Dazzling Spray        Conj/Hex       ####..       1%          3    None
c - Iskenderun's Mystic   Conj           ######..     1%          4    ###....


Dungeon Overview and Level Annotations

Branches:
Dungeon (11/15)            Temple (1/1) D:5            Lair (1/6) D:9
    Orc (0/2) D:11

Altars:
Ashenzari
Cheibriados
Dithmenos
Elyvilon
Fedhas
Gozag
Hepliaklqana
Kikubaaqudgha
Makhleb
Nemelex Xobeh
Okawaru
Qazlal
Ru
Sif Muna
Trog
Uskayaw
Vehumet
Wu Jian
Xom
Yredelemnul
Zin
The Shining One

Shops:
D:5 *   D:7 :

Annotations:
D:11 Urug


Innate Abilities, Weirdness & Mutations

You can breathe wild blasts of lightning.
Your glossy black scales are hard. (AC +7)
You cannot fit into any form of body armour.
You are resistant to electric shocks. (rElec)
You are cold-blooded and may be slowed by cold attacks.


Message History

Aim: a white ugly thing (lightly wounded)
The spray of energy hits the white ugly thing.
The white ugly thing is moderately wounded.
The white ugly thing headbutts you but does no damage.
Casting: Dazzling Spray
Confirm with . or Enter, or press ? or * to list all spells.
Aiming: Dazzling Spray
Press: ? - help, Shift-Dir - straight line, f/p - white ugly thing
Aim: a white ugly thing (moderately wounded)
The spray of energy hits the white ugly thing.
The white ugly thing is moderately wounded.
The white ugly thing headbutts you. The white ugly thing freezes you!!
You feel yourself slow down. The white ugly thing headbutts you.
The white ugly thing freezes you!
You feel as though you will be slow longer.
* * * LOW HITPOINT WARNING * * *
The white ugly thing headbutts you!
* * * LOW HITPOINT WARNING * * *
The white ugly thing freezes you!!
You die...

##......## ##...###.. *
,, .#.....## #..## , * ,
###....# ##..# ,,* * *
##....## #...# * ,** ,,
* ##....# ##...## *,,,
##....## ##..#..### *
,,,* *
##.#...####..###...####.
* ** , ####.u..##..##
#u....... * * #
#..##....## #@#####.. *
, ###..####.## #.# * ,
,, , ##....###..# * #.#
**,, .......###... ..#
** * ,
..###.....##.....#* *,,
.## *#....# ###...* * *
, ## #..## #... , * *,
.* .## #.##* ,,, ** *,
#.* * # * ** * *,,,


You could see a white ugly thing.

Vanquished Creatures
  Erica (D:9)
  An unseen horror (D:11)
  A yaktaur (shapeshifter) (D:11)
  4 trolls
  A hornet (D:9)
  A hippogriff (D:8)
  Sigmund (D:2)
  A wyvern (D:11)
  2 humans (D:7)
  7 yaks
  Eustachio (D:6)
  2 hungry ghosts
  2 soldier ants (D:9)
  2 hell hounds (D:9)
  An orc warrior (D:6)
  A sky beast (D:8)
  3 ice beasts
  6 phantoms
  4 centaurs
  6 ogres
  A big kobold (D:10)
  Blork the orc (D:6)
  6 bullfrogs
  A gnoll sergeant (D:9)
  A water moccasin zombie (D:8)
  3 scorpions
  2 troll zombies (D:11)
  6 killer bees
  9 wights
  3 crimson imps
  A quasit (D:8)
  4 centaur zombies
  8 orc priests
  4 hounds
  A jelly (D:5)
  Crazy Yiuf (D:2)
  2 centaur skeletons
  A gnoll shaman (D:9)
  4 orc wizards
  3 iguanas
  5 worker ants
  4 ogre zombies (D:11)
  A hound zombie (D:8)
  A hound skeleton (D:11)
  Robin (D:3)
  A howler monkey skeleton (D:6)
  12 gnolls (D:9)
  6 adders
  3 shadow imps
  2 oozes
  An adder zombie (D:8)
  An adder skeleton (D:9)
  4 worms
  3 dart slugs
  5 leopard geckos
  32 orcs
  A ball python (D:2)
  8 giant cockroaches
  13 goblins
  10 hobgoblins
  15 jackals
  13 kobolds
  4 quokkas
  5 bats
  7 frilled lizards
  2 goblin skeletons (D:11)
  3 goblin zombies (D:11)
  2 hobgoblin skeletons (D:11)
  2 hobgoblin zombies (D:11)
  7 orc zombies (D:11)
  A quokka skeleton (D:3)
  8 rats
293 creatures vanquished.

Vanquished Creatures (others)
  An orc wizard (D:10)
1 creature vanquished.

Grand Total: 294 creatures vanquished

Notes
Turn   | Place    | Note
-------+----------+-------------------------------------------
     0 | D:1      | KristoblXynda the Draconian Conjurer began the quest for the Orb.
     0 | D:1      | Reached XP level 1. HP: 14/14 MP: 3/3
   270 | D:1      | Reached XP level 2. HP: 16/20 MP: 0/5
   417 | D:1      | HP: 1/20 [leopard gecko (1)]
  1030 | D:2      | Found a white marble altar of Elyvilon.
  1064 | D:2      | Reached XP level 3. HP: 17/26 MP: 1/7
  1249 | D:2      | Reached XP level 4. HP: 30/33 MP: 3/8
  1283 | D:2      | Found a shadowy altar of Dithmenos.
  1286 | D:2      | Found a shattered altar of Ashenzari.
  1289 | D:2      | Found a burning altar of Makhleb.
  1293 | D:2      | Became a worshipper of Ashenzari the Shackled
  1339 | D:2      | Noticed Sigmund
  1345 | D:2      | Learned a level 3 spell: Dazzling Spray
  1925 | D:3      | Reached skill level 5 in Conjurations
  2369 | D:3      | Reached XP level 5. HP: 17/38 MP: 0/10
  2881 | D:3      | Noticed Robin
  3000 | D:3      | Killed Robin
  3406 | D:4      | Noticed a phantom
  3407 | D:4      | Reached * piety under Ashenzari
  3445 | D:4      | Killed a phantom
  3445 | D:4      | Reached XP level 6. HP: 23/45 MP: 1/12
  3670 | D:4      | Reached skill level 6 in Conjurations
  4353 | D:4      | Reached skill level 5 in Spellcasting
  4353 | D:4      | Your scales start taking on a glossy black colour.
  4353 | D:4      | Reached XP level 7. HP: 37/50 MP: 2/14
  4353 | D:4      | Gained mutation: You are resistant to electric shocks. (rElec) [Black Draconian growth]
  4675 | D:2      | Found a glowing golden altar of the Shining One.
  4777 | D:2      | Killed Sigmund
  4777 | D:2      | Reached skill level 7 in Conjurations
  5002 | D:2      | Found a faded altar of an unknown god.
  5030 | D:2      | Found a runed door.
  5052 | D:2      | Found a radiant altar of Vehumet.
  5075 | D:2      | Noticed Crazy Yiuf
  5138 | D:2      | Killed Crazy Yiuf
  5415 | D:2      | Learned a level 4 spell: Iskenderun's Mystic Blast
  6344 | D:5      | Entered Level 5 of the Dungeon
  6362 | D:5      | Found Techere's Assorted Antiques.
  6406 | D:5      | Bought a scroll of remove curse for 84 gold pieces
  6637 | D:5      | Reached XP level 8. HP: 57/57 MP: 13/17
  6955 | D:5      | Found a staircase to the Ecumenical Temple.
  6985 | Temple   | Entered the Ecumenical Temple
  6985 | Temple   | Reached ** piety under Ashenzari
  7228 | D:5      | Reached skill level 1 in Short Blades
  7539 | D:5      | Found a deep blue altar of Sif Muna.
  7629 | D:6      | Noticed Eustachio
  7776 | D:6      | Found an opulent altar of Gozag.
  7787 | D:6      | Reached skill level 8 in Conjurations
  7946 | D:6      | Noticed Blork the orc
  7997 | D:6      | Killed Blork the orc
  8403 | D:6      | Killed Eustachio
  8567 | D:6      | Found a shimmering altar of Xom.
  9030 | D:6      | Found a glowing silver altar of Zin.
  9161 | D:6      | Reached XP level 9. HP: 14/62 MP: 12/20
  9449 | D:7      | Reached *** piety under Ashenzari
  9502 | D:7      | Reached skill level 9 in Conjurations
  9524 | D:7      | Found a hide-covered altar of Uskayaw.
  9622 | D:7      | HP: 3/62 [poisoned by a killer bee]
  9629 | D:7      | HP: 2/62 [poisoned by a killer bee]
  9636 | D:7      | HP: 1/62 [poisoned by a killer bee]
  9644 | D:7      | HP: 1/62 [poisoned by a killer bee]
 10372 | D:7      | Found an iron altar of Okawaru.
 10555 | D:7      | Found Jukhlurea's Book Boutique.
 10956 | D:8      | Noticed a two-headed ogre
 11597 | D:8      | Reached skill level 1 in Fighting
 12019 | D:9      | Reached skill level 10 in Conjurations
 12019 | D:9      | Reached XP level 10. HP: 60/74 MP: 1/22
 12234 | D:9      | Noticed Erica
 12356 | D:9      | Paralysed by a hornet for 1 turns
 12963 | D:9      | Reached skill level 5 in Dodging
 13071 | D:9      | Found a staircase to the Lair.
 13291 | D:9      | Reached skill level 1 in Shields
 14161 | D:9      | Killed Erica
 14658 | Lair:1   | Entered Level 1 of the Lair of Beasts
 14679 | D:10     | Entered Level 10 of the Dungeon
 15342 | D:10     | Reached skill level 11 in Conjurations
 15346 | D:10     | Found a shimmering altar of Xom.
 15494 | D:10     | Reached **** piety under Ashenzari
 15936 | D:11     | Noticed Urug
 15960 | D:11     | Reached XP level 11. HP: 80/80 MP: 12/24
 16048 | D:11     | Reached skill level 1 in Evocations
 16055 | D:11     | Reached skill level 10 in Spellcasting
 16200 | D:11     | Noticed a white ugly thing
 16239 | D:11     | Found a staircase to the Orcish Mines.
 16508 | D:11     | Noticed an unseen horror
 16521 | D:11     | Killed an unseen horror
 16755 | D:11     | Demolished by a white ugly thing

Vault maps used:
D:1:      dpeg_arrival_water_temple_mockup, hex_large
D:2:      tso_oasis_becter, lemuel_doored_altar, grunt_temple_overflow_diamond,
          chequers_ecumenical_altar_twisty, dk_vineyard_3, elyvilon_altar_3,
          uniq_sigmund, uniq_crazy_yiuf_cottage
D:3:      hangedman_decor_push, uniq_robin
D:4:      due_unseen_surprise
D:5:      nicolae_overflow_hidden_temple, minmay_temple_entry_junction_2,
          serial_shops, nicolae_shop_behind_doors, first_bread
D:6:      kennysheep_little_box, kennysheep_mini_moat, lemuel_crystal_altar,
          uniq_blork_the_orc, uniq_eustachio
D:7:      eat_drink_and_be_merry_uskayaw, serial_shops,
          nicolae_shop_behind_doors, okawaru_humans
D:9:      minmay_lair_entry_lava, hangedman_pestilent_swarm, uniq_erica
D:10:     xom_teletrap_fun
D:11:     zombieorc1_lemuel, uniq_urug
Temple:   minmay_temple_curvy_loop
Lair:1:   lemuel_oklob_altar

Skill      XL: |  1  2  3  4  5  6  7  8  9 10 11 |
---------------+----------------------------------+-----
Spellcasting   | 3 4 5 6 7 8 9 10 | 10.2
Conjurations   | 5 6 7 8 10 11 | 11.5
Short Blades   | 3 |  3.4
Dodging        | 2 4 5 |  5.0
Fighting       | 2 |  2.3
Shields        | 4 |  4.0
Stealth        | 2 3 |  3.7
Evocations     | 2 |  2.6

Action                   |  1- 3 |  4- 6 |  7- 9 | 10-12 || total
-------------------------+-------+-------+-------+-------++-------
Melee: Unarmed           |    15 |       |     3 |       ||    18
       Tailslap          |     6 |    27 |    26 |    38 ||    97
       Dagger            |    20 |       |   184 |   349 ||   553
       Short sword       |    17 |   172 |    88 |       ||   277
 Cast: Magic Dart        |    41 |    97 |    55 |    89 ||   282
       Dazzling Spray    |       |     9 |    35 |    45 ||    89
       Iskenderun's Myst |       |       |   100 |    74 ||   174
Invok: Curse Item        |       |       |       |     2 ||     2
 Abil: Breathe Lightning |       |       |     7 |     6 ||    13
  Use: Scroll            |     3 |     9 |    11 |     5 ||    28
       Potion            |       |     1 |     3 |     2 ||     6
 Stab: Sleeping          |       |     2 |     2 |     2 ||     6
       Invisible         |       |     3 |     6 |     2 ||    11
  Eat: Chunk             |     1 |     8 |    28 |     3 ||    40
       Fruit             |       |     3 |     7 |    16 ||    26
       Meat ration       |       |       |     1 |       ||     1
       Royal jelly       |       |       |       |     5 ||     5
       Bread ration      |       |       |       |     2 ||     2
Armor: Skin              |    16 |    54 |   145 |   141 ||   356
Dodge: Dodged            |    33 |   159 |   289 |   259 ||   740
Block: Buckler           |       |       |       |    68 ||    68

Table legend:
 A = Spawn XP
 B = Non-spawn XP
 C = Spawn XP percentage of total XP
 D = Spawn monster count
 E = Non-spawn monster count
 F = Spawn count percentage of total count
 G = Total turns spent on level
                    A         B        C        D         E        F      G
               +---------+---------+-------+---------+---------+-------+---------
         Total |       0 |   14638 |   0.0 |       0 |     294 |   0.0 | 16755
               +---------+---------+-------+---------+---------+-------+---------
           D:1 |       0 |      37 |   0.0 |       0 |      22 |   0.0 |  1100
           D:2 |       0 |     348 |   0.0 |       0 |      24 |   0.0 |  1608
           D:3 |       0 |     158 |   0.0 |       0 |      39 |   0.0 |  1706
           D:4 |       0 |     656 |   0.0 |       0 |      23 |   0.0 |  1930
           D:5 |       0 |     472 |   0.0 |       0 |      17 |   0.0 |  1460
           D:6 |       0 |    1360 |   0.0 |       0 |      30 |   0.0 |  1571
           D:7 |       0 |     704 |   0.0 |       0 |      10 |   0.0 |  1460
           D:8 |       0 |    1532 |   0.0 |       0 |      24 |   0.0 |  1367
           D:9 |       0 |    3236 |   0.0 |       0 |      34 |   0.0 |  2568
          D:10 |       0 |    2318 |   0.0 |       0 |      31 |   0.0 |   929
          D:11 |       0 |    3817 |   0.0 |       0 |      40 |   0.0 |   843
               +---------+---------+-------+---------+---------+-------+---------
